 Dungeon Crawl Stone Soup version 0.30.0-18-gc0e69614cb (webtiles) character file.

Game seed: 17412780142782955089

5 CaptainMV the Chucker (level 1, 0/11 (13) HPs)
             Began as a Demonspawn Wanderer on May 25, 2023.
             Frozen to death by an endoplasm (1 damage)
             ... on level 1 of the Dungeon.
             The game lasted 00:01:46 (90 turns).

CaptainMV the Chucker (Demonspawn Wanderer)           Turns: 90, Time: 00:01:47

HP:   0/11 (13)     AC:  2    Str: 12    XL:     1   Next: 66%
MP:   0/2           EV: 11    Int: 12    God:
Gold: 6             SH:  0    Dex: 13    Spells: 1/2 levels left

rFire   . . .        a - +0 dagger
rCold   . . .        (no shield)
rNeg    . . .        e - +0 robe
rPois   .            (no helmet)
rElec   .            (no cloak)
rCorr   .            (no gloves)
SInv    .            (no boots)
Will    .....        (no amulet)
Stlth   ++           h - ring of flight
HPRegen 0.21/turn    (no ring)
MPRegen 0.08/turn

%: no passive effects
@: flying, very slightly contaminated, heavily drained
A: no striking features
a: no special abilities


You were on level 1 of the Dungeon.
You visited 1 branch of the dungeon, and saw 1 of its levels.

You collected 6 gold pieces.

Inventory:

Hand Weapons
 a - a +0 dagger (weapon)
Missiles
 b - 11 poisoned darts (quivered)
Armour
 e - a +0 robe (worn)
Jewellery
 h - a ring of flight (left hand)
Scrolls
 c - a scroll of vulnerability
 f - a scroll of identify {unknown}
Potions
 d - a potion of lignification
 g - a potion of degeneration {unknown}


   Skills:
 + Level 2.8 Throwing
 + Level 1.0 Armour
 + Level 1.0 Stealth
 + Level 1.9 Unarmed Combat
 + Level 1.0 Spellcasting
 + Level 2.4 Necromancy


You had one spell level left.
You knew the following spells:

 Your Spells              Type           Power      Damage    Failure   Level
a - Kiss of Death         Conj/Necr      12%        2d6       19%         1

Your spell library contained the following spells:

 Spells                   Type           Power      Damage    Failure   Level
 Cigotuvi's Dreadful Rot  Necr/Pois/Air  4%         N/A       32%         2
 Vampiric Draining        Necr           6%         2d6       32%         3


Dungeon Overview and Level Annotations

Branches:
Dungeon (1/15)

Altars:


Message History

You closely miss the quokka.
The quokka is moderately wounded.
The quokka bites you. The endoplasm freezes you.
You are frozen.
* * * LOW HITPOINT WARNING * * *
Casting: Kiss of Death (safe; 19% risk of failure)
Confirm with . or Enter, or press ? or * to list all spells.
Aiming: Kiss of Death (safe; 19% risk of failure)
Press: ? - help, Shift-Dir - straight line, f - quokka
Aim: a quokka (moderately wounded, 100% to hit)
The negative energy hits the quokka.
The quokka is drained!
You kill the quokka!
You feel drained. The endoplasm closely misses you.
Casting: Kiss of Death (safe; 19% risk of failure)
Confirm with . or Enter, or press ? or * to list all spells.
Aiming: Kiss of Death (safe; 19% risk of failure)
Press: ? - help, Shift-Dir - straight line, f - endoplasm
Aim: an endoplasm (100% to hit)
You miscast Kiss of Death.
You are very lightly contaminated with residual magic.
Nothing appears to happen.
The endoplasm barely misses you.
You hit the endoplasm.
The endoplasm is heavily wounded.
The endoplasm barely misses you.
You hit the endoplasm but do no damage.
The endoplasm is heavily wounded.
The endoplasm closely misses you.
You hit the endoplasm but do no damage.
The endoplasm is heavily wounded.
The endoplasm closely misses you.
You hit the endoplasm.
The endoplasm is severely wounded.
The endoplasm hits you.
* * * LOW HITPOINT WARNING * * *
You hit the endoplasm.
The endoplasm is almost dead.
The endoplasm freezes you.
You are frozen.
You die...

.##... #.##.# #......
#.##.# #.##... #.##.#
#...... #.##.# #......
#.##.# #.#....
#.##.######.#....
...#####†##.#....#.###..
.......@................
.......!J####...........
...##.....# #....#.#....
. #.......#######......
#.......# ###....
#.......# #....
##.....## #.... .......
...... ..#####


You could see an endoplasm.

Vanquished Creatures
  2 ball pythons (D:1)
  A goblin (D:1)
  A quokka (D:1)
  A rat (D:1)
5 creatures vanquished.

Notes
Turn   | Place    | Note
-------+----------+-------------------------------------------
     0 | D:1      | CaptainMV the Demonspawn Wanderer began the quest for the
                  | Orb.
     0 | D:1      | CaptainMV set off with the following items: a +0 dagger, 11
                  | poisoned darts, a scroll of vulnerability, a potion of
                  | lignification, a +0 robe; and the following spell
                  | memorised: Kiss of Death; and the following spells
                  | available to memorise: Cigotuvi's Dreadful Rot, Vampiric
                  | Draining.
     0 | D:1      | Reached XP level 1. HP: 13/13 MP: 2/2
    90 | D:1      | Frozen to death by an endoplasm

Illustrated notes

Levels and vault maps discovered:
D:1:      dpeg_arrival_renting, layout_rooms,
          hellmonk_ecumenical_altar_defaced_shrine, minmay_misc_feat_nine_boxes

Action                     || total
---------------------------++-------
  Melee: Dagger            ||    15
         Punch             ||     1
  Throw: Dart              ||     4
   Cast: Kiss of Death     ||     1
 Armour: Robe              ||     2
  Dodge: Dodged            ||    11
